 Dungeon Crawl Stone Soup version 0.29-a0-575-g0dc89cf053 (webtiles) character file.

Game seed: 6204437762433711786

3146 DocClef the Covert (level 9, -5/74 HPs)
             Began as a Gnoll Delver on June 12, 2022.
             Was a Believer of Okawaru.
             Slain by a yak (12 damage)
             ... on level 8 of the Dungeon.
             The game lasted 00:08:54 (10800 turns).

DocClef the Covert (Gnoll Delver)                  Turns: 10800, Time: 00:08:54

Health: -5/74      AC: 11    Str: 13    XL:     9   Next: 93%
Magic:  16/16      EV: 14    Int: 10    God:    Okawaru [**....]
Gold:   673        SH:  5    Dex: 16    Spells: 17/17 levels left

rFire   . . .      SeeInvis .   u - +2 flail (protect)
rCold   . . .      Faith    .   j - +0 buckler
rNeg    . . .      Spirit   .   b - +0 leather armour
rPois   .          Reflect  .   (no helmet)
rElec   .          Harm     .   y - +0 cloak
rCorr   .          Rampage  .   (no gloves)
Will    .....                   (no boots)
Stlth   ++++......              (no amulet)
HPRegen 0.22/turn               (no ring)
MPRegen 0.15/turn               (no ring)

@: under a protective aura
A: fangs 1, strong nose, distributed training
a: Renounce Religion, Heroism


You were on level 8 of the Dungeon.
You worshipped Okawaru.
Okawaru was pleased with you.
You visited 2 branches of the dungeon, and saw 10 of its levels.

You collected 673 gold pieces.

Inventory:

Hand Weapons
 r - a +2 whip of venom
 u - a +2 flail of protection (weapon)
 E - a +2 short sword of flaming
Armour
 b - a +0 leather armour (worn)
 j - a +0 buckler (worn)
 y - a +0 cloak (worn)
Jewellery
 h - a ring of willpower
 I - a ring of protection from cold
Wands
 g - a wand of digging (3)
 m - a wand of flame (40)
 p - a wand of polymorph (14)
 x - a wand of paralysis (22)
 G - a wand of acid (12)
Scrolls
 c - a scroll of fog
 d - 4 scrolls of magic mapping
 e - 6 scrolls of fear
 i - 2 scrolls of noise {unknown}
 k - 3 scrolls of immolation {unknown}
 l - 13 scrolls of identify {unknown}
 s - 4 scrolls of teleportation {unknown}
 w - a scroll of enchant weapon {unknown}
 B - 5 scrolls of amnesia {unknown}
 C - a scroll of poison {unknown}
 H - a scroll of brand weapon {unknown}
 J - a scroll of summoning {unknown}
Potions
 f - 2 potions of haste
 n - 2 potions of curing
 o - a potion of brilliance {unknown}
 q - a potion of degeneration {unknown}
 t - 3 potions of might {unknown}
 v - 2 potions of ambrosia {unknown}
 z - a potion of attraction {unknown}
 A - 2 potions of flight {unknown}
 D - a potion of magic {unknown}
 F - a potion of invisibility {unknown}
 K - a potion of mutation {unknown}


   Skills:
 + Level 8.1 Fighting
 + Level 6.6 Short Blades
 + Level 4.7 Long Blades
 + Level 4.7 Axes
 + Level 4.7 Maces & Flails
 + Level 4.7 Polearms
 + Level 4.7 Staves
 + Level 4.7 Slings
 + Level 4.7 Bows
 + Level 4.7 Crossbows
 + Level 4.7 Throwing
 + Level 4.7 Armour
 + Level 6.6 Dodging
 + Level 10.7 Stealth
 + Level 4.7 Shields
 + Level 4.7 Unarmed Combat
 + Level 4.7 Spellcasting
 + Level 3.9 Conjurations
 + Level 3.9 Hexes
 + Level 3.9 Summonings
 + Level 3.9 Necromancy
 + Level 3.9 Translocations
 + Level 3.9 Transmutations
 + Level 3.9 Fire Magic
 + Level 3.9 Ice Magic
 + Level 3.9 Air Magic
 + Level 3.9 Earth Magic
 + Level 3.9 Poison Magic
 + Level 5.2 Invocations
 + Level 4.7 Evocations


You had 17 spell levels left.
You didn't know any spells.
Your spell library contained the following spells:

 Spells                   Type           Power      Damage    Failure   Level
 Magic Dart               Conj           40%        1d5       8%          1
 Mephitic Cloud           Conj/Pois/Air  10%        N/A       22%         3
 Blade Hands              Tmut           5%         N/A       91%         5
 Irradiate                Conj/Tmut      5%         3d15      91%         5
 Dragon Form              Tmut           5%         N/A       100%        7
 Call Imp                 Summ           Unusable   N/A       N/A         2

Dungeon Overview and Level Annotations

Branches:
Dungeon (9/15)             Temple (1/1) D:5
   Lair: D:8-11         Orc: D:9-12

Altars:
Ashenzari
Cheibriados
Dithmenos
Elyvilon
Fedhas
Hepliaklqana
Kikubaaqudgha
Nemelex Xobeh
Okawaru
Qazlal
Trog
Vehumet
Xom
Yredelemnul
Lugonu

Shops:
D:4 *   D:7 *

Annotations:
D:2 Natasha
D:6 2 runed translucent doors, dolemite99's ghost, novice MeGl


Innate Abilities, Weirdness & Mutations

You have very sharp teeth.
Your uncanny sense of smell can sniff out nearby items.
Your experience applies equally to all skills.


Message History

The warg is severely wounded.
The warg barely misses you.
You hit the warg.
The warg is almost dead.
You block the warg's attack.
You miss the warg.
The warg is almost dead.
The warg misses you. The warg bites you!
* * * LOW HITPOINT WARNING * * *
You hit the warg but do no damage.
The warg is almost dead.
The warg bites you!
* * * LOW HITPOINT WARNING * * *
You hit the warg.
You kill the warg!
Okawaru accepts your kill.
Unknown command.
You sock the orc!
You kill the orc!
Okawaru accepts your kill.
You thump the yak!
The yak is moderately wounded.
You hit the yak but do no damage.
The yak is moderately wounded.
The yak barely misses you.
You hit the yak but do no damage.
The yak is moderately wounded.
The yak gores you but does no damage.
You sock the yak!
The yak is heavily wounded.
You block the yak's attack.
You sock the yak!
The yak is severely wounded.
You feel like a meek peon again. The yak gores you.
* * * LOW HITPOINT WARNING * * *
You sock the yak!
The yak is almost dead.
The yak gores you!
You die...

####### .## ∆ #..# ##
##.....##..## ∆ ##.#
##.......##..# ∆ ..
#.........#.# #.#
#...........## ## ..
#.........#..## .# #..
#.........##..#####.####
...
#.........###..$.#......
##.........@Y........#
#..(......######?#.######
#.........# #....=.Y.$
#>........# ###Y....$.
#.......>.# .Y.....
#.........# .......
##.......## .......
##.....## ....... #######
...:...


You could see a yak.

Vanquished Creatures
  4 yaks (D:8)
  A warg (D:8)
  An acid dragon (D:9)
  A water moccasin (D:7)
  An ice beast (D:6)
  4 black bears
  3 centaurs
  A phantom (D:5)
  A necrophage (D:5)
  A scorpion (D:6)
  2 bullfrogs
  3 howler monkeys (D:7)
  5 hounds
  An iron imp (D:7)
  2 jellies
  3 orc priests
  Natasha (twice) (D:2)
  4 iguanas
  8 orc wizards
  12 gnolls
  12 adders
  A shadow imp (D:5)
  A white imp (D:4)
  2 ufetubi
  4 worms
  3 dart slugs
  45 orcs
  6 ball pythons
  7 endoplasms
  4 giant cockroaches
  2 goblins
  4 hobgoblins
  12 jackals
  3 quokkas
  6 bats
  4 frilled lizards
  6 kobolds
  5 rats
187 creatures vanquished.

Vanquished Creatures (others)
  An orc wizard (D:9)
1 creature vanquished.

Grand Total: 188 creatures vanquished

Notes
Turn   | Place    | Note
-------+----------+-------------------------------------------
     0 | D:5      | Reached skill level 9 in Stealth
     0 | D:5      | DocClef the Gnoll Delver began the quest for the Orb.
     0 | D:5      | Reached XP level 1. HP: 23/23 MP: 1/1
    21 | D:5      | Found a staircase to the Ecumenical Temple.
    30 | Temple   | Entered the Ecumenical Temple
    82 | D:5      | Reached XP level 2. HP: 29/29 MP: 2/2
   154 | D:5      | Noticed a black bear
   189 | D:5      | Noticed a black bear
   190 | D:5      | Noticed a necrophage
   192 | D:5      | Killed a necrophage
   193 | D:5      | Reached skill level 1 in Long Blades
   193 | D:5      | Reached skill level 1 in Axes
   193 | D:5      | Reached skill level 1 in Maces & Flails
   193 | D:5      | Reached skill level 1 in Polearms
   193 | D:5      | Reached skill level 1 in Staves
   193 | D:5      | Reached skill level 1 in Slings
   193 | D:5      | Reached skill level 1 in Bows
   193 | D:5      | Reached skill level 1 in Crossbows
   193 | D:5      | Reached skill level 1 in Throwing
   193 | D:5      | Reached skill level 1 in Armour
   193 | D:5      | Reached skill level 1 in Shields
   193 | D:5      | Reached skill level 1 in Unarmed Combat
   193 | D:5      | Reached skill level 1 in Spellcasting
   193 | D:5      | Reached skill level 1 in Invocations
   193 | D:5      | Reached skill level 1 in Evocations
   193 | D:5      | Reached XP level 3. HP: 35/35 MP: 2/4
   193 | D:5      | Reached XP level 4. HP: 41/41 MP: 2/5
   212 | D:5      | Reached skill level 1 in Conjurations
   212 | D:5      | Reached skill level 1 in Hexes
   212 | D:5      | Reached skill level 1 in Summonings
   212 | D:5      | Reached skill level 1 in Necromancy
   212 | D:5      | Reached skill level 1 in Translocations
   212 | D:5      | Reached skill level 1 in Transmutations
   212 | D:5      | Reached skill level 1 in Fire Magic
   212 | D:5      | Reached skill level 1 in Ice Magic
   212 | D:5      | Reached skill level 1 in Air Magic
   212 | D:5      | Reached skill level 1 in Earth Magic
   212 | D:5      | Reached skill level 1 in Poison Magic
   228 | D:5      | Reached XP level 5. HP: 36/47 MP: 6/6
   641 | D:4      | Found Zeur Mun's Assorted Antiques.
  1198 | D:3      | Reached XP level 6. HP: 53/53 MP: 8/8
  1335 | D:3      | Found a faded altar of an unknown god.
  1424 | D:3      | Reached skill level 5 in Short Blades
  1424 | D:3      | Reached skill level 5 in Dodging
  1869 | D:3      | Found a blossoming altar of Fedhas.
  2090 | D:3      | Found a bloodstained altar of Trog.
  2917 | D:2      | Found a shadowy altar of Dithmenos.
  3037 | D:2      | Reached XP level 7. HP: 58/59 MP: 10/10
  3316 | D:2      | Noticed Natasha
  3324 | D:2      | Killed Natasha
  3450 | D:2      | Noticed Natasha
  3459 | D:2      | Killed Natasha
  4796 | D:2      | Noticed Natasha
  5101 | D:4      | Reached skill level 10 in Stealth
  5719 | D:4      | Found an ancient bone altar of Kikubaaqudgha.
  6508 | D:5      | Reached XP level 8. HP: 40/67 MP: 12/12
  7521 | D:6      | Found a runed translucent door.
  7534 | D:6      | Noticed dolemite99's ghost (novice MeGl)
  7565 | D:6      | Found a runed translucent door.
  8245 | D:6      | Found a hazy altar of Hepliaklqana.
  8274 | D:6      | Found an iron altar of Okawaru.
  8417 | D:6      | Became a worshipper of Warmaster Okawaru
  8584 | D:7      | Reached XP level 9. HP: 13/72 MP: 14/14
  9637 | D:7      | Found Balipsui's General Store.
  9816 | D:7      | Reached * piety under Okawaru
 10085 | D:7      | Found a snail-covered altar of Cheibriados.
 10278 | D:8      | You fall into a shaft and drop 1 floor!
 10685 | D:9      | Noticed a hornet
 10764 | D:8      | Reached skill level 5 in Invocations
 10783 | D:8      | Reached ** piety under Okawaru
 10800 | D:8      | Slain by a yak

Illustrated notes

Levels and vault maps discovered:
D:1:      ebering_trefoil_twist, layout_loops_ring, grunt_decor_one_mirror,
          chequers_serial_rivers_large_a, kennysheep_boxes
D:2:      layout_loops_ring, basic_altar, minmay_nonomino_d4, uniq_natasha
D:3:      layout_basic, lemuel_doored_altar, trog_antimagical,
          dilly_ecumenical_altar_fadedgnrine, minmay_misc_feat_cross
D:4:      layout_loops_ring, kennysheep_mini, serial_shops,
          nicolae_shop_hallway_stairs, minivault_11
D:5:      layout_basic, minmay_temple_entry_waves, minmay_quadrilaterals,
          uniq_edmund
D:6:      layout_rooms, mainiacjoe_overflow_two_lobes, ebering_ghost_sewer_f
D:7:      layout_basic, chei_slow_surprise, serial_shops,
          nicolae_shop_behind_doors, chequers_serial_rivers_room_b
D:8:      layout_rooms, nicolae_sif_muna_little_library,
          erik_lair_orcish_takeover, worms_lemuel
D:9:      layout_small_grid, minitemple, mainiacjoe_overflow_brackets,
          serial_shops, shop, hangedman_decor_riveting, uniq_psyche
Temple:   corrupted_temple

Skill      XL: |  1  2  3  4  5  6  7  8  9 |
---------------+----------------------------+-----
Stealth        | 10 | 10.7
Long Blades    | 1 2 3 4 |  4.7
Axes           | 1 2 3 4 |  4.7
Maces & Flails | 1 2 3 4 |  4.7
Polearms       | 1 2 3 4 |  4.7
Staves         | 1 2 3 4 |  4.7
Slings         | 1 2 3 4 |  4.7
Bows           | 1 2 3 4 |  4.7
Crossbows      | 1 2 3 4 |  4.7
Throwing       | 1 2 3 4 |  4.7
Armour         | 1 2 3 4 |  4.7
Shields        | 1 2 3 4 |  4.7
Unarmed Combat | 1 2 3 4 |  4.7
Spellcasting   | 1 2 3 4 |  4.7
Invocations    | 1 2 3 4 5 |  5.2
Evocations     | 1 2 3 4 |  4.7
Conjurations   | 1 2 3 |  3.9
Hexes          | 1 2 3 |  3.9
Summonings     | 1 2 3 |  3.9
Necromancy     | 1 2 3 |  3.9
Translocations | 1 2 3 |  3.9
Transmutations | 1 2 3 |  3.9
Fire Magic     | 1 2 3 |  3.9
Ice Magic      | 1 2 3 |  3.9
Air Magic      | 1 2 3 |  3.9
Earth Magic    | 1 2 3 |  3.9
Poison Magic   | 1 2 3 |  3.9
Short Blades   | 5 6 |  6.6
Dodging        | 5 6 |  6.6
Fighting       | 7 8 |  8.1

Action                   |  1- 3 |  4- 6 |  7- 9 || total
-------------------------+-------+-------+-------++-------
Melee: Short sword       |     3 |    40 |       ||    43
       Bite              |       |    28 |    52 ||    80
       Whip              |       |   138 |   422 ||   560
       Punch             |       |     3 |    12 ||    15
       Flail             |       |       |   112 ||   112
Throw: Throwing net      |       |       |     1 ||     1
Invok: Heroism           |       |       |     2 ||     2
  Use: Potion            |       |       |     5 ||     5
 Stab: Sleeping          |     3 |     7 |    28 ||    38
       Distracted        |       |       |     1 ||     1
Armor: Leather armour    |       |    16 |   128 ||   144
Dodge: Dodged            |       |   135 |   429 ||   564
Block: Buckler           |       |       |    28 ||    28

Table legend: (Time is in decaauts)
 A = Elapsed time spent in this place.
 B = Non-inter-level travel time spent in this place.
 C = Inter-level travel time spent in this place.
 D = Time resting spent in this place.
 E = Time spent auto-exploring this place.
 F = Levels seen in this place.
 G = Mean time per level.
                   A        B        C        D        E       F      G
               +--------+--------+--------+--------+--------+-----+--------+
         Total |  10819 |  10495 |    324 |   2801 |   6084 |  10 | 1081.9 |
       Dungeon |  10774 |  10463 |    311 |   2801 |   6059 |   9 | 1197.1 |
        Temple |     44 |     31 |     13 |      0 |     25 |   1 |   44.0 |
               +--------+--------+--------+--------+--------+-----+--------+

Top non-repeatable levels by time:
     D:5: 1889 daAuts
     D:4: 1630 daAuts
     D:7: 1628 daAuts
     D:3: 1604 daAuts
     D:2: 1302 daAuts
     D:6: 1178 daAuts
     D:1: 864 daAuts
     D:9: 426 daAuts
     D:8: 251 daAuts
  Temple: 44 daAuts
